 Dungeon Crawl Stone Soup version 0.28-a0-479-g5baa6b73be (webtiles) character file.

Game seed: 107819380510529454

15882 Conn the Arsonist (level 12, -3/72 HPs)
             Began as an Octopode Fire Elementalist on Sept 18, 2021.
             Was a Follower of Sif Muna.
             Slain by a troll (14 damage)
             ... led by an orc high priest
             ... on level 1 of the Orcish Mines on Sept 19, 2021.
             The game lasted 01:15:29 (20642 turns).

Conn the Arsonist (Octopode Fire Elementalist)     Turns: 20642, Time: 01:15:29

Health: -3/72      AC:  1    Str:  8    XL:     12   Next: 31%
Magic:  20/24      EV: 15    Int: 28    God:    Sif Muna [*.....]
Gold:   846        SH:  0    Dex: 18    Spells: 5/28 levels left

rFire   + + .      SeeInvis .   b - staff of fire
rCold   + . .      Faith    .   (no shield)
rNeg    . . .      Spirit   .   (helmet restricted)
rPois   +          Reflect  .   (no amulet)
rElec   .          Harm     .   t - +6 ring of intelligence
rCorr   .          Rampage  .   u - ring of protection from cold
Will    .....                   G - ring of protection from fire
Stlth   +++++.....              c - +6 ring of dexterity
HPRegen 0.22/turn               l - ring of poison resistance
MPRegen 0.19/turn               (no ring)
                                (no ring)
                                (no ring)

@: no status effects
A: almost no armour, amphibious, 8 rings, camouflage 1, gelatinous body 1,
(nimble swimmer 1), tentacles, subdued magic 1
a: Renounce Religion, Channel Magic


You were on level 1 of the Orcish Mines.
You worshipped Sif Muna.
Sif Muna was aware of your devotion.
You visited 4 branches of the dungeon, and saw 15 of its levels.
You also visited: Ossuary.

You collected 879 gold pieces.
You spent 33 gold pieces at shops.

Inventory:

Hand Weapons
 a - a +1 short sword
 s - a +5 great sword of freezing
Missiles
 C - 2 curare-tipped darts
Magical Staves
 b - a staff of fire (weapon)
Jewellery
 c - a +6 ring of dexterity (on tentacle)
 l - a ring of poison resistance (on tentacle)
 t - a +6 ring of intelligence (left tentacle)
 u - a ring of protection from cold (right tentacle)
 G - a ring of protection from fire (on tentacle)
Wands
 v - a wand of flame (15)
 y - a wand of acid (17)
 D - a wand of mindburst (30)
 H - a wand of polymorph (8)
 I - a wand of charming (9)
Scrolls
 e - a scroll of enchant weapon
 i - a scroll of immolation
 j - 6 scrolls of teleportation
 n - 3 scrolls of enchant armour
 o - 4 scrolls of magic mapping
 p - 7 scrolls of identify
 q - 2 scrolls of vulnerability
 x - a scroll of torment
 J - a scroll of fog
Potions
 d - 3 potions of resistance
 f - a potion of invisibility
 g - 2 potions of cancellation
 h - 2 potions of attraction
 k - 3 potions of heal wounds
 m - 2 potions of flight
 r - a potion of haste
 w - a potion of ambrosia
 z - a potion of brilliance
 A - a potion of mutation
 B - a potion of magic
 E - 2 potions of berserk rage
Miscellaneous
 F - a phantom mirror (inert)


   Skills:
 + Level 3.2 Fighting
 + Level 2.7 Short Blades
 + Level 1.4 Staves
 + Level 3.8 Dodging
 + Level 7.2 Stealth
 + Level 1.1 Unarmed Combat
 + Level 8.8 Spellcasting
 * Level 7.9 Conjurations
 - Level 6.1 Hexes
 + Level 2.4 Translocations
 * Level 11.5 Fire Magic
 * Level 3.3 Invocations
 + Level 0.5 Evocations


You had 5 spell levels left.
You knew the following spells:

 Your Spells              Type           Power      Damage    Failure   Level
a - Foxfire               Conj/Fire      100%       2x1d9     1%          1
b - Conjure Flame         Conj/Fire      67%        6-21      1%          3
c - Inner Flame           Hex/Fire       63%        N/A       1%          3
d - Flame Wave            Conj/Fire      67%        3d12      1%          4
e - Iskenderun's Mystic   Conj/Tloc      32%        2d8       4%          4
f - Starburst             Conj/Fire      33%        6d10      11%         6
g - Slow                  Hex            35%        N/A       1%          2

Your spell library contained the following spells:

 Spells                   Type           Power      Damage    Failure   Level
 Scorch                   Fire           100%       2d10      1%          2
 Confusing Touch          Hex            35%        N/A       1%          3
 Dazzling Flash           Conj/Hex       78%        N/A       1%          3
 Vampiric Draining        Necr           4%         2d6       12%         3


Dungeon Overview and Level Annotations

Branches:
Dungeon (12/15)            Temple (1/1) D:4            Lair (1/6) D:8
    Orc (1/2) D:12        Ossuary (visited)

Altars:
Ashenzari
Cheibriados
Dithmenos
Elyvilon
Fedhas
Gozag
Hepliaklqana
Kikubaaqudgha
Makhleb
Nemelex Xobeh
Okawaru
Qazlal
Ru
Sif Muna
Trog
Uskayaw
Vehumet
Wu Jian
Xom
Yredelemnul
Zin
The Shining One

Shops:
D:3 !(   D:12 [(![[*

Portals:
Trove: D:11 (give 7 potions of haste)

Annotations:
D:11 TZer0's ghost, journeyman GrFi


Innate Abilities, Weirdness & Mutations

You cannot wear most types of armour.
You are amphibious.
You can wear up to eight rings at the same time.
Your skin changes colour to match your surroundings (Stealth+).
Your rubbery body absorbs attacks. (AC +1, EV +1)
((You are camouflaged near water. (Stealth+)))
You have tentacles for arms and can constrict up to eight enemies at once.
Your spells are a little easier to cast, but a little less powerful.


Message History

Casting: Foxfire (safe; 1% risk of failure)
Confirm with . or Enter, or press ? or * to list all spells.
You don't have enough magic to cast this spell.
The foxfire hits the troll.
The troll is moderately wounded.
The foxfire hits the troll.
The troll is moderately wounded.
Unknown command.
The foxfire hits the troll.
The troll is heavily wounded.
You climb upwards.
Welcome back to the Dungeon!
There is a staircase to the Orcish Mines here.
You start resting.
HP restored.
You start resting.
Magic restored.
Casting: Foxfire (safe; 1% risk of failure)
Confirm with . or Enter, or press ? or * to list all spells.
Okay, then.
Okay, then.
As you read the scroll of identify, it crumbles to dust.
E - 2 potions of berserk rage
Casting: Foxfire (safe; 1% risk of failure)
Confirm with . or Enter, or press ? or * to list all spells.
Okay, then.
You climb downwards.
Welcome back to the Orcish Mines!
The troll bites you.
The troll claws you! x2; The orc barely misses you.
The troll bites you. The troll closely misses you. The troll claws you!
The orc barely misses you.
There is a staircase back to the Dungeon, spattered with blood here.
Casting: Foxfire (safe; 1% risk of failure)
Confirm with . or Enter, or press ? or * to list all spells.
You erupt in a blast of force!
The mystic blast hits the orc!
You kill the orc!
Sif Muna accepts your kill.
The mystic blast hits the troll!
The troll is moderately wounded.
The troll bites you!!
* * * LOW HITPOINT WARNING * * *
The troll claws you!
You die...

... $##..# ..
.....### ...
......### ....
#...... #....
#.....##....#
#.).........
##..@.[....$#
#....T.[.[##
#.......).)#
......#....)[..
.......#....#$.$
......#...### ..
...... #.## .
.#.... ### #..$


You could see a troll.

Vanquished Creatures
  A hydra (D:12)
  3 two-headed ogres
  3 skeletal warriors
  Pikel (D:9)
  A slime creature (D:12)
  2 black mambas (Lair:1)
  A gargoyle (D:12)
  A guardian mummy (D:11)
  2 trolls
  A jumping spider (shapeshifter) (D:12)
  A centaur simulacrum (D:11)
  2 shadows
  2 wraiths
  2 wyverns (D:9)
  17 yaks
  2 steam dragons (D:9)
  3 vampire mosquitoes (D:11)
  An acid dragon (D:10)
  A black bear (D:5)
  2 ice beasts (D:6)
  3 orc warriors
  3 sky beasts (D:9)
  A necrophage (D:6)
  2 ogres
  4 centaurs
  3 lemures (D:9)
  3 kobold brigands (D:8)
  4 bullfrogs
  A gnoll sergeant (D:11)
  A water moccasin zombie (D:6)
  5 killer bees (D:11)
  4 wights (D:10)
  2 howler monkeys (D:9)
  5 centaur zombies
  2 orc priests
  4 hounds
  A jelly (D:4)
  Crazy Yiuf (D:2)
  A bullfrog skeleton (D:6)
  A gnoll shaman (D:6)
  Natasha (thrice) (D:3)
  8 orc wizards
  A killer bee zombie (D:7)
  A hound skeleton (D:5)
  13 mummies (Ossuary)
  2 howler monkey zombies (D:7)
  Robin (D:2)
  13 gnolls
  10 adders
  A white imp (D:8)
  An adder skeleton (D:4)
  4 worms
  3 dart slugs
  32 orcs
  8 ball pythons
  6 endoplasms
  4 giant cockroaches
  19 goblins
  8 hobgoblins
  13 jackals
  19 kobolds
  7 quokkas
  4 bats
  5 frilled lizards
  2 goblin skeletons (Ossuary)
  A kobold skeleton (Ossuary)
  5 orc skeletons (Ossuary)
  7 rats
  11 rat skeletons (Ossuary)
312 creatures vanquished.

Vanquished Creatures (collateral kills)
  2 foxfires
2 creatures vanquished.

Vanquished Creatures (others)
  An acid dragon (D:12)
  1142 foxfires
  3 fungi (Lair:1)
  53 plants
  4 toadstools (D:1)
1203 creatures vanquished.

Grand Total: 1517 creatures vanquished

Notes
Turn   | Place    | Note
-------+----------+-------------------------------------------
     0 | D:1      | Conn the Octopode Fire Elementalist began the quest for the
                  | Orb.
     0 | D:1      | Reached XP level 1. HP: 11/11 MP: 3/3
   141 | D:1      | Reached XP level 2. HP: 15/17 MP: 0/5
   492 | D:1      | Reached XP level 3. HP: 21/21 MP: 0/6
   768 | D:2      | Noticed Robin
   822 | D:2      | Killed Robin
   823 | D:2      | Reached skill level 1 in Unarmed Combat
   846 | D:2      | Reached XP level 4. HP: 19/27 MP: 0/7
   958 | D:2      | Found a faded altar of an unknown god.
  1450 | D:2      | You fall into a shaft and drop 1 floor!
  1450 | D:3      | Found a basalt altar of Yredelemnul.
  1499 | D:3      | Reached XP level 5. HP: 18/32 MP: 4/8
  1853 | D:3      | Noticed Natasha
  1904 | D:3      | Killed Natasha
  2158 | D:3      | Found a glowing golden altar of the Shining One.
  2321 | D:3      | Noticed Natasha
  2330 | D:3      | Killed Natasha
  2331 | D:3      | Reached skill level 4 in Fire Magic
  2468 | D:3      | Noticed Natasha
  2473 | D:3      | Killed Natasha
  2786 | D:3      | Found Zeuqisch's Antique Weapon Boutique.
  2840 | D:3      | Found Xitolife's Distillery.
  2849 | D:3      | Bought a potion of curing for 33 gold pieces
  2941 | D:4      | Reached skill level 1 in Short Blades
  2980 | D:4      | Reached XP level 6. HP: 37/37 MP: 6/10
  2985 | D:4      | Reached skill level 1 in Fighting
  3076 | D:4      | Found a sparkling altar of Nemelex Xobeh.
  3111 | D:4      | Found a white marble altar of Elyvilon.
  3414 | D:4      | Learned a level 3 spell: Conjure Flame
  3418 | D:4      | Learned a level 3 spell: Inner Flame
  3423 | D:4      | Learned a level 4 spell: Flame Wave
  3617 | D:4      | Found a staircase to the Ecumenical Temple.
  3639 | D:4      | Gained mutation: Your spells are a little easier to cast,
                  | but a little less powerful. [potion of mutation]
  3982 | D:2      | Found a runed translucent door.
  3983 | D:2      | Noticed Crazy Yiuf
  4003 | D:2      | Killed Crazy Yiuf
  4560 | Temple   | Entered the Ecumenical Temple
  4642 | D:4      | Reached skill level 1 in Hexes
  4642 | D:4      | Reached XP level 7. HP: 43/43 MP: 6/12
  4880 | D:5      | Entered Level 5 of the Dungeon
  5005 | D:5      | Found a broken altar of Ashenzari.
  5356 | D:5      | Reached skill level 5 in Fire Magic
  5850 | D:6      | Reached skill level 5 in Stealth
  5859 | D:6      | Reached XP level 8. HP: 48/48 MP: 5/14
  6091 | D:7      | Found a sand-covered staircase.
  6096 | Ossuary  | Entered an ossuary
  7604 | D:6      | Reached skill level 6 in Fire Magic
  8680 | D:7      | Reached skill level 5 in Spellcasting
  8680 | D:7      | Reached XP level 9. HP: 54/54 MP: 12/16
  8741 | D:7      | Found a bloodstained altar of Trog.
  9097 | D:8      | Found a staircase to the Lair.
  9490 | D:8      | Noticed a troll
  9491 | D:8      | Noticed a two-headed ogre
  9501 | D:8      | Killed a two-headed ogre
  9502 | D:8      | Reached skill level 7 in Fire Magic
  9996 | D:8      | Killed a troll
 10488 | D:8      | Found a hazy altar of Hepliaklqana.
 10489 | D:8      | Found a shimmering altar of Xom.
 10490 | D:8      | Noticed a spectral ugly thing
 10490 | D:8      | Noticed a tentacled monstrosity
 10586 | D:8      | Found a hide-covered altar of Uskayaw.
 11064 | D:9      | Reached XP level 10. HP: 60/60 MP: 12/19
 11069 | D:9      | Reached skill level 5 in Conjurations
 11071 | D:9      | Reached skill level 1 in Staves
 11071 | D:9      | Reached skill level 8 in Fire Magic
 11085 | D:9      | Reached skill level 5 in Hexes
 12421 | D:9      | Noticed Pikel
 12475 | D:9      | Killed Pikel
 12476 | D:9      | Reached skill level 9 in Fire Magic
 12991 | D:10     | Entered Level 10 of the Dungeon
 12999 | D:10     | Found a shimmering blue altar of Sif Muna.
 13004 | D:10     | Became a worshipper of Sif Muna the Loreminder
 13381 | D:10     | Learned a level 4 spell: Iskenderun's Mystic Blast
 13664 | D:10     | Reached XP level 11. HP: 65/65 MP: 15/21
 14046 | D:10     | Learned a level 6 spell: Starburst
 14143 | D:10     | Reached skill level 10 in Fire Magic
 14533 | D:11     | Found a runed translucent gate.
 14533 | D:11     | Found a runed translucent gate.
 14533 | D:11     | Found a runed translucent gate.
 14535 | D:11     | Noticed TZer0's ghost (journeyman GrFi)
 14719 | D:11     | You fall into a shaft and drop 1 floor!
 14719 | D:12     | Found Pumucop's Distillery.
 14777 | D:12     | Noticed a salamander
 14900 | D:11     | Reached * piety under Sif Muna
 15063 | D:11     | Noticed a skeletal warrior
 15066 | D:11     | Noticed a skeletal warrior
 15798 | D:10     | Killed a skeletal warrior
 15799 | D:10     | Reached skill level 1 in Translocations
 16353 | D:11     | Found a portal to a secret trove of treasure.
 16488 | D:11     | Noticed a skeletal warrior
 16499 | D:11     | Killed a skeletal warrior
 17172 | D:11     | Killed a skeletal warrior
 17830 | D:11     | Reached skill level 1 in Invocations
 17954 | D:11     | Learned a level 2 spell: Slow
 18196 | Lair:1   | Entered Level 1 of the Lair of Beasts
 19200 | D:12     | Found Uleuw's Antique Armour Shoppe.
 19215 | D:12     | Reached skill level 11 in Fire Magic
 19221 | D:12     | Noticed a two-headed ogre
 19232 | D:12     | Killed a two-headed ogre
 19233 | D:12     | Reached XP level 12. HP: 45/72 MP: 10/24
 19521 | D:12     | Found Xunnuom's Weapon Shoppe.
 19742 | D:12     | Found a staircase to the Orcish Mines.
 19893 | D:12     | Found Doigrol's Armour Shop.
 20020 | D:12     | Noticed a two-headed ogre
 20028 | D:12     | Killed a two-headed ogre
 20244 | D:12     | Noticed a six-headed hydra
 20257 | D:12     | Killed a six-headed hydra
 20350 | D:12     | Found Igayto's Antique Armour Emporium.
 20394 | D:12     | Found Peaf's Elemental Accessories.
 20485 | Orc:1    | Entered Level 1 of the Orcish Mines
 20642 | Orc:1    | Slain by a troll

Illustrated notes

Levels and vault maps discovered:
D:1:      ldierk_walled_garden_2, layout_rooms
D:2:      layout_rooms, hellmonk_ecumenical_altar_crossroads, minivault_14,
          fountainhead, uniq_robin, uniq_crazy_yiuf_cottage
D:3:      layout_rooms, tso_metal_star, old_standard_altar, serial_shops,
          nicolae_shop_trees, nicolae_lakefront_shop, minmay_surrounded,
          uniq_natasha
D:4:      layout_basic, old_standard_altar, kennysheep_little_box,
          minmay_temple_entry_hall, st_stairs_10, serial_bayou_lagoon_a,
          kennysheep_generic_room_10
D:5:      layout_loops_cross, mainiacjoe_overflow_boulevard
D:6:      layout_basic, serial_glass, glass_columns_b, glass_columns_a
D:7:      layout_basic, overflow_temple_1_default, nicolae_ossuary_entry_ruins
D:8:      layout_loops_ring, regret_index_temple_of_mockery,
          nicolae_uskayaw_dance_studio, dpeg_oklobed_lair
D:9:      layout_gridville, hangedman_misty_isle, uniq_pikel
D:10:     layout_basic, lemuel_doored_altar
D:11:     layout_loops_ring, nicolae_trove_entry_path_of_doom,
          gammafunk_ghost_necromancy
D:12:     layout_loops_ring, orc_0_dummy, serial_shops, shop,
          nicolae_stop_n_shop_1, nicolae_shop_stone, nicolae_take_the_stairs,
          shop, nicolae_elemental_shop
Temple:   nicolae_temple_no_exploring_needed
Lair:1:   layout_layer_cave, serial_bayou_ford_a,
          eino_small_chamber_without_monster, cheibrodos_lair_reptile_den,
          grunt_megastairs_5, uniq_harold
Orc:1:    layout_diamond_mine, lightli_church_of_beogh

Skill      XL: |  1  2  3  4  5  6  7  8  9 10 11 12 |
---------------+-------------------------------------+-----
Unarmed Combat | 1 |  1.1
Stealth        | 3 4 5 6 7 |  7.2
Conjurations   | 2 3 4 6 7 |  7.9
Fire Magic     | 4 5 6 7 9 11 | 11.5
Spellcasting   | 3 4 5 6 7 8 |  8.8
Short Blades   | 1 2 |  2.7
Fighting       | 1 2 3 |  3.2
Hexes          | 1 2 3 4 6 |  6.1
Dodging        | 3 |  3.8
Staves         | 1 |  1.4
Translocations | 2 |  2.4
Invocations    | 2 3 |  3.3
Evocations     | |  0.5

Action                   |  1- 3 |  4- 6 |  7- 9 | 10-12 || total
-------------------------+-------+-------+-------+-------++-------
Melee: Unarmed           |    18 |       |       |       ||    18
       Constrict         |    10 |    15 |    26 |     8 ||    59
       Tentacles         |     4 |    16 |     9 |     3 ||    32
       Short sword       |     8 |    56 |    70 |       ||   134
       Punch             |       |       |     1 |       ||     1
       Staff             |       |       |    24 |    30 ||    54
 Cast: Foxfire           |    42 |   133 |   225 |   280 ||   680
       Inner Flame       |       |     2 |     9 |    59 ||    70
       Conjure Flame     |       |     1 |     5 |    15 ||    21
       Flame Wave        |       |       |     4 |     8 ||    12
       Iskenderun's Myst |       |       |       |    32 ||    32
       Slow              |       |       |       |     4 ||     4
       Starburst         |       |       |       |     5 ||     5
Invok: Channel Magic     |       |       |       |     1 ||     1
Evoke: Wand              |       |       |       |     7 ||     7
       Phantom mirror    |       |       |       |     1 ||     1
  Use: Potion            |       |     4 |       |     5 ||     9
       Scroll            |       |     4 |     9 |    13 ||    26
 Stab: Sleeping          |     3 |     7 |    19 |       ||    29
       Distracted        |       |       |     1 |       ||     1
Armor: Skin              |     2 |     2 |     6 |     5 ||    15
Dodge: Dodged            |    25 |    47 |    59 |    83 ||   214

Table legend: (Time is in decaauts)
 A = Elapsed time spent in this place.
 B = Non-inter-level travel time spent in this place.
 C = Inter-level travel time spent in this place.
 D = Time resting spent in this place.
 E = Time spent auto-exploring this place.
 F = Levels seen in this place.
 G = Mean time per level.
                   A        B        C        D        E       F      G
               +--------+--------+--------+--------+--------+-----+--------+
         Total |  20670 |  20113 |    557 |   5657 |   9370 |  16 | 1291.9 |
       Dungeon |  19696 |  19140 |    556 |   5533 |   8902 |  12 | 1641.3 |
        Temple |      1 |      1 |      0 |      0 |      0 |   1 |    1.0 |
          Lair |     46 |     46 |      0 |      9 |      0 |   1 |   46.0 |
  Orcish Mines |     37 |     37 |      0 |      0 |      0 |   1 |   37.0 |
       Ossuary |    887 |    887 |      0 |    115 |    468 |   1 |  887.0 |
               +--------+--------+--------+--------+--------+-----+--------+

Top non-repeatable levels by time:
    D:11: 2809 daAuts
     D:9: 2746 daAuts
     D:8: 2451 daAuts
     D:3: 1716 daAuts
     D:7: 1535 daAuts
    D:10: 1523 daAuts
    D:12: 1475 daAuts
     D:4: 1260 daAuts
     D:6: 1243 daAuts
     D:2: 1188 daAuts
     D:5: 982 daAuts
 Ossuary: 887 daAuts
     D:1: 763 daAuts
  Lair:1: 46 daAuts
   Orc:1: 37 daAuts
